 Dungeon Crawl Stone Soup version 0.30-a0-723-gc1506a1cf0 (webtiles) character file.

Game seed: 10978011678228666063

4071 ASSMAN the Tainter (level 10, -2/50 HPs)
             Began as a Deep Elf Venom Mage on Jan 28, 2023.
             Slain by a catoblepas (28 damage)
             ... on level 8 of the Dungeon.
             The game lasted 00:14:17 (6847 turns).

ASSMAN the Tainter (Deep Elf Venom Mage)            Turns: 6847, Time: 00:14:18

Health: -2/50      AC: 10    Str:  5    XL:     10   Next: 5%
Magic:  5/24       EV:  9    Int: 25    God:
Gold:   501        SH:  3    Dex: 15    Spells: 7/25 levels left

rFire   . . .      SeeInvis .    n - +5 club (spect)
rCold   . . .      Faith    .    E - +0 buckler
rNeg    + . .      Spirit   .    z - +0 ring mail of Azelif {Rampage rN+ Stlth+}
rPois   .          Reflect  .    (no helmet)
rElec   .          Harm     .    (no cloak)
rCorr   .          Rampage  +    o - +0 pair of gloves
Will    +....                    (no boots)
Stlth   +++                      (no amulet)
HPRegen 0.28/turn                k - +4 ring of protection
MPRegen 0.19/turn                s - ring of wizardry

@: radiating poison
A: no striking features
a: no special abilities


You were on level 8 of the Dungeon.
You visited 2 branches of the dungeon, and saw 9 of its levels.
You also visited: Ossuary.

You collected 501 gold pieces.

Inventory:

Hand Weapons
 n - a +5 spectral club (weapon)
Missiles
 j - 4 throwing nets
Armour
 a - a +0 robe
 o - a +0 pair of gloves (worn)
 z - the +0 ring mail of Azelif (worn) {Rampage rN+ Stlth+}
   (You found it on level 4 of the Dungeon)

   rN:        It protects you from negative energy.
   Rampage:   It bestows one free step when moving towards enemies.
   Stlth:     It makes you more stealthy.
 E - a +0 buckler (worn)
Jewellery
 k - a +4 ring of protection (left hand)
 l - a ring of willpower
 s - a ring of wizardry (right hand)
 C - an amulet of guardian spirit
Wands
 m - a wand of roots (15)
Scrolls
 d - a scroll of fog {unknown}
 h - 3 scrolls of enchant weapon
 i - 2 scrolls of blinking {unknown}
 w - 3 scrolls of amnesia
 y - a scroll of magic mapping {unknown}
 A - a scroll of brand weapon
 D - 2 scrolls of fear {unknown}
 G - 2 scrolls of identify
Potions
 b - a potion of magic
 c - 5 potions of curing
 e - 3 potions of invisibility
 f - 2 potions of heal wounds
 g - a potion of resistance
 p - 2 potions of attraction
 q - a potion of berserk rage {unknown}
 r - 2 potions of cancellation {unknown}
 t - 2 potions of lignification {unknown}
 u - 2 potions of brilliance {unknown}
 v - a potion of flight {unknown}
 x - a potion of might {unknown}
 B - 2 potions of degeneration {unknown}
 F - a potion of mutation {unknown}


   Skills:
 - Level 2.4 Dodging
 + Level 4.1 Stealth
 - Level 8.0 Spellcasting
 + Level 7.5 Conjurations
 - Level 1.1 Transmutations
 + Level 7.1 Air Magic
 - Level 10.0 Poison Magic


You had 7 spell levels left.
You knew the following spells:

 Your Spells              Type           Power      Damage    Failure   Level
a - Sting                 Tmut/Pois      100%       1d8       1%          1
b - Poisonous Vapours     Pois/Air       100%       N/A       1%          2
c - Olgreb's Toxic Radia  Pois           56%        N/A       2%          4
d - Shock                 Conj/Air       100%       1d9       1%          1
e - Swiftness             Air            45%        N/A       2%          3
f - Mephitic Cloud        Conj/Pois/Air  50%        N/A       1%          3
g - Airstrike             Air            22%        2d(4-20)  9%          4

Your spell library contained the following spells:

 Spells                   Type           Power      Damage    Failure   Level
 Slow                     Hex            40%        N/A       16%         1
 Confusing Touch          Hex            10%        N/A       43%         3
 Vampiric Draining        Necr           10%        2d6       43%         3


Dungeon Overview and Level Annotations

Branches:
Dungeon (8/15)             Temple (1/1) D:5         Ossuary (visited)
   Lair: D:8-11

Altars:
Ashenzari
Cheibriados
Elyvilon
Fedhas
Gozag
Hepliaklqana
Qazlal
Ru
Sif Muna
Trog
Uskayaw
Wu Jian
Xom
Yredelemnul

Annotations:
D:3 Grinder
D:7 2 runed translucent doors
D:8 Maurice


Message History

Your toxic aura wanes.
Casting: Olgreb's Toxic Radiance (dangerous; 2% risk of failure)
Confirm with . or Enter, or press ? or * to list all spells.
You miscast Olgreb's Toxic Radiance.
You are very lightly contaminated with residual magic.
Nothing appears to happen.
The yak is engulfed in calcifying dust.
The yak is moving more slowly.
The catoblepas breathes a plume of calcifying dust at you.
The blast of calcifying dust hits the yak.
The blast of calcifying dust hits you.
Casting: Olgreb's Toxic Radiance (dangerous; 2% risk of failure)
Confirm with . or Enter, or press ? or * to list all spells.
You begin to radiate toxic energy.
The yak looks as sick as possible!
The catoblepas is poisoned.
The yak looks as sick as possible!
The yak is engulfed in calcifying dust.
The yak stops moving altogether!
The catoblepas breathes a plume of calcifying dust at you.
The blast of calcifying dust hits you.
You hear a bellow!
A yak and a wight come into view.
The yak is poisoned.
The yak looks as sick as possible!
The yak is engulfed in calcifying dust.
The yak moves out of view.
The yak looks even sicker.
Your toxic aura wanes.
A nearby plant withers and dies.
The yak is engulfed in calcifying dust.
A white imp comes into view.
The catoblepas gores you!
Maurice the Thief comes into view.
He is wielding a +0 dagger and carrying a wand of charming (4).
Maurice gestures wildly while chanting.
Maurice blinks!
Maurice moves out of view.
Casting: Olgreb's Toxic Radiance (dangerous; 2% risk of failure)
Confirm with . or Enter, or press ? or * to list all spells.
You begin to radiate toxic energy.
The catoblepas looks even sicker. x2
The catoblepas gores you!!
Ouch! That really hurt!
* * * LOW HITPOINT WARNING * * *
Your magical contamination has completely faded away.
You feel much better.
The yak looks as sick as possible!
The catoblepas gores you!!
Ouch! That really hurt!
You die...

..# ♣ # #.# ♣♣♣. .# #.#
~~~~. ..#
..#######.5.#######..#
.)..........YY.......#
...###.##........†...#
#).##...........z##.##
#..##..##.#.####Y# #
#.)##..##.#. ##@##.####
#......<..#. #.........
##.##..####.###......§..
##..............###.####
..>....####.#..........
######.# #.........###
#.# ###.#######
#.######.# #........#


You could see a catoblepas (very poisoned), a yak (petrified, extremely
poisoned) and a wight.

Vanquished Creatures
  A two-headed ogre (D:6)
  A hornet (D:7)
  A steam dragon (D:6)
  3 yaks (D:8)
  3 water moccasins
  A sky beast (D:8)
  2 black bears
  3 ice beasts
  2 ogres
  3 phantoms
  A necrophage (D:4)
  3 bullfrogs
  A gnoll sergeant (D:7)
  2 scorpions (D:6)
  A howler monkey (D:8)
  2 centaur zombies (Ossuary)
  3 human zombies (Ossuary)
  A jelly (D:6)
  2 gnoll boudas
  An orc priest (D:6)
  7 hounds
  2 iguanas (D:5)
  Ijyb (D:3)
  2 hound zombies (Ossuary)
  4 mummies
  15 gnolls
  9 adders
  A river rat (D:6)
  A shadow imp (D:7)
  5 adder zombies (Ossuary)
  3 worms
  3 dart slugs
  7 orcs
  7 ball pythons
  A bat (D:2)
  7 endoplasms
  4 giant cockroaches
  12 goblins
  4 hobgoblins
  3 jackals (D:3)
  7 quokkas
  3 frilled lizards (D:1)
  3 gnoll zombies (Ossuary)
  5 goblin zombies (Ossuary)
  3 hobgoblin zombies (Ossuary)
  2 jackal zombies (Ossuary)
  10 kobolds
  5 kobold zombies (Ossuary)
  2 quokka zombies (Ossuary)
  8 rats
  3 rat zombies (Ossuary)
186 creatures vanquished.

Vanquished Creatures (others)
  2 plants (D:8)
2 creatures vanquished.

Grand Total: 188 creatures vanquished

Notes
Turn   | Place    | Note
-------+----------+-------------------------------------------
     0 | D:1      | ASSMAN the Deep Elf Venom Mage began the quest for the Orb.
     0 | D:1      | Reached XP level 1. HP: 10/10 MP: 6/6
   197 | D:1      | Reached XP level 2. HP: 15/15 MP: 5/8
  1047 | D:2      | Learned a level 2 spell: Poisonous Vapours
  1128 | D:2      | Reached skill level 4 in Poison Magic
  1190 | D:2      | Reached XP level 3. HP: 13/19 MP: 5/10
  1705 | D:3      | Noticed Ijyb
  1717 | D:3      | Killed Ijyb
  1718 | D:3      | Reached XP level 4. HP: 10/24 MP: 3/12
  2040 | D:3      | Found a faded altar of an unknown god.
  2075 | D:3      | Reached skill level 5 in Spellcasting
  2273 | D:3      | Learned a level 4 spell: Olgreb's Toxic Radiance
  2320 | D:3      | Reached skill level 5 in Poison Magic
  2336 | D:3      | Reached XP level 5. HP: 15/28 MP: 9/14
  2509 | D:3      | Found an opulent altar of Gozag.
  2523 | D:3      | Noticed Grinder
  2580 | D:4      | Found a stormy altar of Qazlal.
  2706 | D:4      | Found a sand-covered staircase.
  2715 | Ossuary  | Entered an ossuary
  2877 | Ossuary  | Reached XP level 6. HP: 20/32 MP: 17/17
  2963 | Ossuary  | Reached skill level 6 in Poison Magic
  3439 | D:4      | Reached XP level 7. HP: 26/36 MP: 10/20
  3559 | D:4      | Reached skill level 7 in Poison Magic
  3700 | D:4      | Identified the +0 ring mail of Azelif {Rampage rN+ Stlth+}
  3863 | D:4      | Found a broken altar of Ashenzari.
  3872 | D:4      | Found a basalt altar of Yredelemnul.
  4061 | D:5      | Entered Level 5 of the Dungeon
  4110 | D:5      | Learned a level 1 spell: Shock
  4119 | D:5      | Reached skill level 8 in Poison Magic
  4261 | D:5      | Reached XP level 8. HP: 41/41 MP: 18/22
  4315 | D:5      | Reached skill level 9 in Poison Magic
  4412 | D:5      | Reached skill level 1 in Conjurations
  4412 | D:5      | Reached skill level 1 in Air Magic
  4577 | D:5      | Found a staircase to the Ecumenical Temple.
  4639 | Temple   | Entered the Ecumenical Temple
  4639 | Temple   | Found a transporter.
  4639 | Temple   | Found a transporter.
  4641 | Temple   | Found a transporter.
  4641 | Temple   | Found a transporter.
  4952 | D:6      | Noticed a two-headed ogre
  4967 | D:6      | Killed a two-headed ogre
  4968 | D:6      | Reached skill level 10 in Poison Magic
  4968 | D:6      | Reached XP level 9. HP: 21/45 MP: 12/23
  5399 | D:6      | Reached skill level 5 in Conjurations
  5399 | D:6      | Reached skill level 5 in Air Magic
  5945 | D:7      | Found an ornate altar of the Wu Jian Council.
  6035 | D:7      | Learned a level 3 spell: Swiftness
  6039 | D:7      | Learned a level 3 spell: Mephitic Cloud
  6044 | D:7      | Learned a level 4 spell: Airstrike
  6240 | D:7      | Found a large runed translucent door.
  6242 | D:7      | Found a large runed translucent door.
  6293 | D:7      | Identified the +0 ring mail of Feasting {Stlth+}
  6545 | D:8      | Reached XP level 10. HP: 12/50 MP: 9/24
  6832 | D:8      | Noticed a catoblepas
  6845 | D:8      | Noticed Maurice
  6847 | D:8      | Slain by a catoblepas

Illustrated notes

Levels and vault maps discovered:
D:1:      saegor_arrival_simple_a, layout_basic
D:2:      layout_basic, minmay_domino_2
D:3:      minmay_diamond_boxcup, layout_loops_ring,
          mainiacjoe_overflow_24_doors, hellmonk_ecumenical_altar_arch_garden,
          kennysheep_donut, minmay_tree_intersection, minivault_25,
          minmay_misc_feat_plants, eino_tiny_chamber, uniq_grinder,
          uniq_crazy_yiuf_cottage, uniq_ijyb
D:4:      minmay_general_purpose_star, layout_layer_cave,
          mainiacjoe_overflow_tiny_flanked, mainiacjoe_overflow_swirl,
          gup_ossuary_entry_pyramid
D:5:      layout_rooms, minmay_temple_entry_waves, st_stairs_6
D:6:      layout_rooms, gup_sewer_entry_bowl
D:7:      layout_rooms, jmf_multi_god_temple2, mainiacjoe_overflow_brackets
D:8:      nzn_winding_woodlands_small [nzn_winding_woodlands_5x15_longhouse,
          nzn_winding_woodlands_center_pierced_h,
          nzn_winding_woodlands_5x15_lazy_stream], layout_loops_ring,
          grunt_temple_overflow_lords_of_destruction, okawaru_altar_gauntlet_db,
          uniq_maggie, uniq_maurice
Temple:   hellmonk_temple_divided_pantheon

Skill      XL: |  1  2  3  4  5  6  7  8  9 10 |
---------------+-------------------------------+-----
Spellcasting   | 4 5 6 7 8 |  8.0
Poison Magic   | 4 5 6 8 10 | 10.0
Conjurations   | 4 7 |  7.5
Air Magic      | 4 7 |  7.1
Stealth        | 3 4 |  4.1
Dodging        | |  2.4
Transmutations | |  1.1

Action                     |  1- 3 |  4- 6 |  7- 9 | 10-12 || total
---------------------------+-------+-------+-------+-------++-------
  Melee: Unarmed           |     7 |       |       |       ||     7
         Club              |       |   168 |    94 |     6 ||   268
         Punch             |       |       |     2 |       ||     2
   Cast: Sting             |    66 |     5 |       |       ||    71
         Poisonous Vapours |     1 |     5 |       |       ||     6
         Olgreb's Toxic Ra |       |     4 |    38 |     8 ||    50
         Shock             |       |       |    10 |       ||    10
  Evoke: Wand              |       |     1 |       |       ||     1
    Use: Scroll            |       |     8 |     2 |       ||    10
         Potion            |       |       |     1 |     1 ||     2
   Stab: Sleeping          |       |     5 |     4 |       ||     9
         Distracted        |       |     2 |       |       ||     2
 Armour: Robe              |     6 |    85 |     9 |       ||   100
         Ring mail         |       |       |    35 |     3 ||    38
  Dodge: Dodged            |    13 |   153 |    39 |     2 ||   207
  Block: Buckler           |       |       |     1 |     2 ||     3

Table legend: (Time is in decaauts)
 A = Elapsed time spent in this place.
 B = Non-inter-level travel time spent in this place.
 C = Inter-level travel time spent in this place.
 D = Time resting spent in this place.
 E = Time spent auto-exploring this place.
 F = Levels seen in this place.
 G = Mean time per level.
                   A        B        C        D        E       F      G
               +--------+--------+--------+--------+--------+-----+--------+
         Total |   6932 |   6681 |    251 |    351 |   5167 |  10 |  693.2 |
       Dungeon |   6396 |   6155 |    241 |    311 |   4931 |   8 |  799.5 |
        Temple |     36 |     26 |     10 |      0 |      7 |   1 |   36.0 |
       Ossuary |    500 |    500 |      0 |     40 |    229 |   1 |  500.0 |
               +--------+--------+--------+--------+--------+-----+--------+

Top non-repeatable levels by time:
     D:4: 1068 daAuts
     D:1: 935 daAuts
     D:6: 905 daAuts
     D:3: 902 daAuts
     D:7: 806 daAuts
     D:2: 750 daAuts
     D:5: 693 daAuts
 Ossuary: 500 daAuts
     D:8: 335 daAuts
  Temple: 36 daAuts
